Map: Ulrena

Players

ILLBdA

  • Race: Protoss Protoss
  • League: Diamond

츄릅츄릅츕츕츕 - Winner!

  • Race: Terran Terran
  • League: Diamond

VOD

Have the link to the VOD?

Description

Time

  • Played on: Dec. 25, 2015, 7:06 p.m.
  • Length: 5:16
Show
View Real Time Build Order
Export as new Build Order

ILLBdA Protoss 

Build Orders: 1 Gate Expand 

Get SALT Encoding   

  12  0:00  Probe (Chrono Boost)  
  13  0:11  Probe (Chrono Boost)  
  14  0:18  Pylon  
  14  0:22  Probe (Chrono Boost)  
  15  0:36  Gateway  
  15  0:40  Assimilator  
  15  0:43  Probe (Chrono Boost)  
  16  0:54  Probe (Chrono Boost)  
  17  1:04  Probe (Chrono Boost)  
  18  1:15  Probe (Chrono Boost)  
  20  1:25  Probe (Chrono Boost)  
  20  1:27  Cybernetics Core  
  20  1:36  Nexus  
  20  1:38  Probe (Chrono Boost)  
  21  1:47  Assimilator  
  21  1:51  Pylon  
  21  1:52  Probe (Chrono Boost)  
  22  2:09  Mothership Core (Chrono Boost), Adept (Chrono Boost)  
  26  2:19  Warp Gate  
  26  2:27  Probe (Chrono Boost)  
  29  2:42  Stalker (Chrono Boost)  
  29  2:43  Probe  
  30  2:48  Probe, Pylon  
  31  2:55  Probe  
  32  3:03  Pylon  
  32  3:04  Pylon x2  
  32  3:11  Pylon  
  31  3:13  Stalker (Chrono Boost)  
  31  3:16  Probe  
  32  3:40  Stalker (Chrono Boost)  
  34  3:46  Probe  
  34  3:48  Probe  
  35  3:54  Stargate  
  36  3:58  Probe  
  36  4:00  Probe  
  38  4:13  Pylon  
  38  4:14  Probe  
  39  4:22  Probe  
  39  4:25  Stalker  
  39  4:27  Probe  
  37  4:32  Probe  
  37  4:38  Oracle (Chrono Boost)  
  38  4:40  Probe  
  38  4:43  Probe  
  43  4:52  Probe  
  44  4:53  Probe  
  45  5:03  Twilight Council  
  45  5:04  Probe x2  
  47  5:10  Stalker  
  47  5:11  Pylon  
Show
View Real Time Build Order
Export as new Build Order

츄릅츄릅츕츕츕 Terran - Winner!

Build Orders: Liberator Opening 

Get SALT Encoding   

  12  0:01  SCV  
  13  0:13  SCV  
  14  0:17  Supply Depot  
  14  0:25  SCV  
  15  0:30  Refinery  
  15  0:39  SCV  
  16  0:45  Barracks  
  16  0:51  SCV  
  17  0:57  Refinery  
  17  1:05  SCV  
  18  1:17  SCV, Supply Depot  
  19  1:32  Orbital Command  
  19  1:34  Marine  
  20  1:48  Factory  
  20  1:58  SCV  
  21  2:01  Barracks Reactor  
  21  2:13  SCV  
  21  2:14  Bunker  
  22  2:33  Factory Tech Lab  
  22  2:36  Starport  
  22  2:37  Supply Depot  
  22  2:38  Marine  
  22  2:39  Marine  
  24  2:51  Siege Tank  
  24  2:57  Liberator  
  27  3:10  Marine x2  
  32  3:40  Siege Tank, Marine x2  
  35  3:47  Supply Depot  
  35  3:49  Supply Depot  
  35  4:15  Marine x2  
  37  4:21  Siege Tank  
  39  4:40  Marine x2  
  47  5:02  Barracks  
Tags
 
Add a new tag
Caveats
  • Supply blocks, unpowered buildings, or Contaminate may cause inaccurate times.
  • Supply counts are checked every 10 seconds.